 Dungeon Crawl Stone Soup version 0.23.2-1-ga50397a (webtiles) character file.

Game seed: 17112139096460524136

48 jeko the Skirmisher (level 4, 0/36 HPs)
             Began as a Human Fighter on May 14, 2019.
             Slain by Crazy Yiuf
             ... wielding a +3 quarterstaff of chaos
              (10 damage)
             ... on level 2 of the Dungeon.
             The game lasted 00:24:49 (2155 turns).

jeko the Skirmisher (Human Fighter)                 Turns: 2155, Time: 00:24:51

Health: 0/36       AC:  8    Str: 17    XL:     4   Next: 0%
Magic:  4/4        EV:  7    Int:  8    God:
Gold:   87         SH:  9    Dex: 13    Spells: 3/3 levels left

rFire    + . .     SeeInvis .   k - +1 short sword
rCold    . . .     Gourm    .   c - +0 shield
rNeg     . . .     Faith    .   q - +2 scale mail {rF+}
rPois    .         Spirit   .   (no helmet)
rElec    .         Reflect  .   s - scarf {repulsion}
rCorr    .         Harm     .   (no gloves)
MR       .....                  (no boots)
Stlth    ..........             (no amulet)
HPRegen  0.12/turn              (no ring)
MPRegen  0.09/turn              (no ring)

@: lethally poisoned (0 -> -9), hasted, repel missiles, very quick
A: no striking features
a: no special abilities


You were on level 2 of the Dungeon.
You were not hungry.

You visited 1 branch of the dungeon, and saw 3 of its levels.

You collected 87 gold pieces.

Inventory:

Hand Weapons
 a - a +0 flail
 k - a +1 short sword (weapon)
 m - a +0 mace
 p - a +0 dagger
Missiles
 e - 125 stones (quivered)
 l - 14 poisoned needles
Armour
 b - a cursed +0 ring mail
 c - a +0 shield (worn)
 i - a +0 robe
 q - a +2 scale mail of fire resistance (worn)
 s - a scarf of repulsion (worn)
Scrolls
 g - 2 scrolls of identify
 o - a scroll of remove curse
Potions
 d - a potion of agility {unknown}
 j - a potion of heal wounds
Comestibles
 f - 2 rations
 h - 3 chunks of flesh


   Skills:
 + Level 3.6 Fighting
 + Level 0.7 Short Blades
 + Level 2.1 Maces & Flails
 + Level 0.5 Throwing
 + Level 3.1 Armour
 + Level 0.4 Dodging
 + Level 0.1 Stealth
 + Level 3.3 Shields


You had 3 spell levels left.
You didn't know any spells.
Your spell library was empty.

Dungeon Overview and Level Annotations

Branches:
Dungeon (3/15)

Altars:

Annotations:
D:2 Crazy Yiuf


Message History

Your +0 short sword glows red for a moment.
It was a potion of haste.
You feel as though your hastened speed will last longer.
Crazy Yiuf hits you with a +3 quarterstaff of chaos!
You are poisoned.
You hit Crazy Yiuf but do no damage.
You feel sick. Crazy Yiuf hits you but does no damage.
You hit Crazy Yiuf.
Crazy Yiuf is lightly wounded.
You feel sick.
You barely miss Crazy Yiuf.
Crazy Yiuf is lightly wounded.
You feel sick. Crazy Yiuf barely misses you.
You hit Crazy Yiuf.
Crazy Yiuf is moderately wounded.
* * * LOW HITPOINT WARNING * * *
You feel sick.
Crazy Yiuf cries, "Tosser horse pizzabubble!"
Crazy Yiuf hits you with a +3 quarterstaff of chaos!
You die...

.(...##.........###.# #..##≈≈≈≈
.....##..######.#...########≈≈≈≈≈
#.#(###..#......#.#........#≈.≈.≈
......#......##.#.#.######.#....≈
#.#....(.#.####.#.#......#.##....
#.###.#.....###.#.######.#..#....
.............##.#...........##...
#.###..#.....##.########.#...##..
....##.#.......g@....# #.#....#..
.(#.##.#..#.#.#.####.###.#....#..
......................>#.#....#..
.....##...#..........#.#.####.#..
#...........#.....##...#.# #....
.....##.....###.#.######.# #####
#.....#.....# #.#.# #.#
..###<#.....# #.#.# #.#
##........### #.#.######.####


You could see Crazy Yiuf.

Vanquished Creatures
  An adder (D:2)
  A worm (D:2)
  A dart slug (D:1)
  3 leopard geckos
  A giant cockroach (D:1)
  4 goblins
  6 hobgoblins
  7 bats
  A frilled lizard (D:1)
  3 kobolds
  A rat (D:1)
  A fungus (D:2)
30 creatures vanquished.

Notes
Turn   | Place    | Note
-------+----------+-------------------------------------------
     0 | D:1      | jeko the Human Fighter began the quest for the Orb.
     0 | D:1      | Reached XP level 1. HP: 18/18 MP: 1/1
   130 | D:1      | Reached XP level 2. HP: 17/24 MP: 2/2
   550 | D:1      | Reached XP level 3. HP: 29/29 MP: 3/3
  1391 | D:2      | Found a runed translucent door.
  1392 | D:2      | Noticed Crazy Yiuf
  2073 | D:2      | Reached XP level 4. HP: 36/36 MP: 4/4
  2155 | D:2      | Slain by Crazy Yiuf

Action                   |  1- 3 |  4- 6 || total
-------------------------+-------+-------++-------
Melee: Flail             |    36 |       ||    36
       Short sword       |   131 |     7 ||   138
Throw: Stone             |    39 |     5 ||    44
  Use: Potion            |     3 |     1 ||     4
       Scroll            |     5 |     1 ||     6
 Stab: Invisible         |     4 |       ||     4
  Eat: Chunk             |     3 |       ||     3
       Ration            |     1 |       ||     1
Armor: Scale mail        |    62 |     1 ||    63
Dodge: Dodged            |    42 |     1 ||    43
Block: Shield            |    69 |     1 ||    70
